 Dungeon Crawl Stone Soup version 0.16.1-51-g6203257 (webtiles) character file.

950 poirepourri the Quickloader (level 8, 0/58 HPs)
             Began as a Formicid Hunter on Aug 6, 2015.
             Succumbed to a worker ant's poison
             ... on level 5 of the Dungeon.
             The game lasted 00:17:07 (5603 turns).

poirepourri the Quickloader (Formicid Hunter)       Turns: 5603, Time: 00:17:07

Health: 0/58       AC:  6    Str: 17    XL:     8   Next: 35%
Magic:  11/11      EV: 13    Int:  9    God:
Gold:   200        SH:  0    Dex: 15    Spells: 0 memorised, 7 levels left

rFire  . . .     SeeInvis +     b - +1 hand crossbow
rCold  . . .     Clarity  .     r - +0 scale mail
rNeg   . . .     SustAb   .     (no shield)
rPois  .         Gourm    .     (helmet unavailable)
rElec  .         Spirit   .     (no cloak)
rCorr  .         Warding  .     (no gloves)
rMut   .         Stasis   +     (no boots)
MR     .....                    (no amulet)
Stlth  +.........               (no ring)
                                n - +2 ring of dexterity

@: lethally poisoned (0 -> 0), not resistant to hostile enchantments, very
unstealthy
A: permanent stasis, dig shafts and tunnels, four strong arms, antennae 3,
repulsion field 1, blurry vision 1, dopey 1
a: Dig, Shaft Self


You were on level 5 of the Dungeon.
You were not hungry.

You visited 1 branch of the dungeon, and saw 5 of its levels.

You collected 200 gold pieces.

Inventory:

Hand weapons
 a - a +0 short sword
 b - a +1 hand crossbow (weapon)
Missiles
 c - 3 bolts (quivered)
Armour
 d - a +0 leather armour
 l - a +0 hat
 r - a +0 scale mail (worn)
Jewellery
 n - a +2 ring of dexterity (left hand)
Magical devices
 t - a wand of lightning (0)
Scrolls
 e - a scroll of identify
 h - 3 scrolls of teleportation
 j - a scroll of magic mapping
 s - a scroll of random uselessness
Potions
 g - a potion of restore abilities
 m - a potion of cure mutation
Books
 k - a book of the Warp

   Spells                             Type                      Level
   a - Recall                         Summoning/Translocation      3
   b - Control Teleport               Charms/Translocation         4
   c - Force Lance                    Conjuration/Translocation    4
   d - Phase Shift                    Translocation                5
   e - Warp Weapon                    Charms/Translocation         5
   f - Gell's Gravitas                Hexes/Translocation          5
   g - Summon Forest                  Summoning/Translocation      5
Comestibles
 f - 4 bread rations
 p - a slice of pizza
 q - 2 beef jerkies
 u - a royal jelly


   Skills:
 + Level 3.0 Fighting
 + Level 1.1 Short Blades
 * Level 8.6 Crossbows
 + Level 3.2 Armour
 + Level 2.9 Dodging
 + Level 1.9 Stealth
 + Level 0.2 Evocations


You had 7 spell levels left.
You didn't know any spells.

Dungeon Overview and Level Annotations

Branches:
Dungeon (5/15)
 Temple: D:4-7

Altars:
Nemelex Xobeh
Sif Muna

Shops:
D:4 =


Innate Abilities, Weirdness & Mutations

You are under a permanent stasis effect.
You can dig through walls and to a lower floor.
Your four strong arms can wield two-handed weapons with a shield.
You have a pair of large antennae on your head (SInv).
You are surrounded by a mild repulsion field (EV +2).
Scrolls take you a little longer to read.
You are dopey. (Int -2)


Message History

Firing (i - inventory):
c - 3 bolts (quivered)
Press: ? - help, Shift-Dir - straight line, f - worker ant
Aim: a worker ant (heavily wounded)
You shoot a bolt. The bolt hits the worker ant!
You kill the worker ant!
There is a lethal amount of poison in your body!
You see here a bolt.
* * * LOW HITPOINT WARNING * * *
You feel sick.
You see here a bolt.
c - 3 bolts (gained 1)
* * * LOW HITPOINT WARNING * * *
You feel sick.
* * * LOW HITPOINT WARNING * * *
You feel sick.
* * * LOW HITPOINT WARNING * * *
You feel sick.
There is a lethal amount of poison in your body!
Items here: ( ))))) [[[ ÷÷ †† You die...

############
...........#
..########.#########
...# #(.....@).## ..##
#.#######..# ..#
##########.# ..#
##...#.....# ..#
#.#..#..#..# ..#
#....#.....##
..######## ..........#
..)......####.#.####.#
#.########...........#


There were no monsters in sight!

Vanquished Creatures
  2 phantoms (D:4)
  An ogre (D:5)
  A sky beast (D:5)
  2 orc priests
  7 orc wizards
  An iguana (D:3)
  A jelly (D:5)
  3 worker ants
  A hound skeleton (D:4)
  A worker ant zombie (D:5)
  5 adders
  3 worms
  2 giant geckos
  2 oozes
  28 orcs
  A bat skeleton (D:5)
  4 giant cockroaches
  16 hobgoblins
  4 jackals
  5 quokkas
  A ball python (D:3)
  12 bats
  4 giant newts
  14 goblins
  13 kobolds
  9 rats
143 creatures vanquished.

Notes
Turn   | Place    | Note
--------------------------------------------------------------
     0 | D:1      | poirepourri, the Formicid Hunter, began the quest for the Orb.
     0 | D:1      | Reached XP level 1. HP: 16/16 MP: 1/1
   284 | D:1      | Reached XP level 2. HP: 20/22 MP: 3/3
   532 | D:2      | Reached XP level 3. HP: 27/27 MP: 4/4
   812 | D:2      | Reached skill level 5 in Crossbows
  1063 | D:2      | Reached XP level 4. HP: 33/33 MP: 5/5
  1430 | D:3      | Reached XP level 5. HP: 18/38 MP: 7/7
  1659 | D:3      | Reached skill level 6 in Crossbows
  1891 | D:3      | Reached XP level 6. HP: 34/46 MP: 8/8
  2202 | D:3      | Found a deep blue altar of Sif Muna.
  2272 | D:3      | Reached skill level 7 in Crossbows
  2272 | D:3      | Reached skill level 1 in Armour
  2305 | D:3      | HP: 1/46 [orc/flail (7)]
  2988 | D:4      | Reached XP level 7. HP: 49/51 MP: 9/9
  3511 | D:4      | HP: 2/51 [poisoned by a worker ant]
  3519 | D:4      | HP: 2/51 [poisoned by a worker ant]
  3927 | D:4      | Gained mutation: You are surrounded by a mild repulsion field (EV +2). [potion of mutation]
  3927 | D:4      | Gained mutation: You are dopey. (Int -2) [potion of mutation]
  3927 | D:4      | Gained mutation: Scrolls take you a little longer to read. [potion of mutation]
  4151 | D:4      | Reached skill level 8 in Crossbows
  4270 | D:4      | Found a sparkling altar of Nemelex Xobeh.
  4435 | D:4      | Found Danafug's Jewellery Shop.
  4675 | D:5      | Entered Level 5 of the Dungeon
  4974 | D:5      | Reached XP level 8. HP: 48/57 MP: 11/11
  5056 | D:5      | Reached skill level 1 in Short Blades
  5585 | D:5      | HP: 2/58 [worker ant (4)]
  5591 | D:5      | HP: 1/58 [poisoned by a worker ant]
  5599 | D:5      | HP: 1/58 [poisoned by a worker ant]
  5603 | D:5      | Succumbed to a worker ant's poison

Action                   |  1- 3 |  4- 6 |  7- 9 || total
-------------------------+-------+-------+-------++-------
Melee: Short sword       |       |       |   293 ||   293
 Fire: Hand crossbow     |    64 |   196 |    26 ||   286
 Abil: Dig               |       |     1 |     2 ||     3
Evoke: Wand              |       |       |     4 ||     4
  Use: Potion            |       |     7 |     5 ||    12
       Scroll            |       |     7 |     3 ||    10
  Eat: Meat ration       |       |     2 |     1 ||     3
       Pizza             |       |       |     2 ||     2
